[Event "Titled Tuesday Blitz May 30 Early 2023"]
[White "rionelG"]
[Black "Novikova, Galina"]
[BlackFideId "4157095"]
[WhiteElo "2137"]
[BlackElo "1953"]
[Result "1-0"]
[Round "08"]
[TimeControl "180+2"]
[Date "2023.05.30"]
[WhiteClock "0:00:18"]
[BlackClock "0:00:01"]

1. e4 e6 2. d3 d5 3. Nd2 Nf6 4. g3 g6 5. Bg2 Bg7 6. Ngf3 O-O 7. O-O c5 8. Re1 Nc6 9. c3 a5 10. a4 b6 11. Nb1 dxe4 12. dxe4 Qxd1 13. Rxd1 Nxe4 14. Re1 f5 15. Ng5 Bb7 16. Nxe4 fxe4 17. Bxe4 Rf7 18. Na3 Ne5 19. Bxb7 Rxb7 20. Kg2 Rf8 21. Re2 Rbf7 22. Bf4 Nd3 23. Be3 h5 24. Rd1 Ne5 25. Bf4 Rxf4 26. gxf4 Rxf4 27. h3 Rf5 28. Rd6 Rg5+ 29. Kf1 Nf3 30. Rexe6 Kh7 31. Nc4 h4 32. Rxb6 Ng1 33. Rb7 Kg8 34. Re8+ Bf8 35. Rbb8 Nxh3 36. Rxf8+ Kg7 37. Rg8+ Kf7 38. Rbf8+ Ke7 39. Rf3 Ng1 40. Re3+ Kf7 41. Rh8 h3 42. Rg3 Rf5 43. Kxg1 h2+ 44. Rxh2 Rd5 45. Rh7+ Kg8 46. Rc7 Rd1+ 47. Kg2 Kf8 48. Rxg6 Rb1 49. Rb6 Re1 50. Nd6 Re8 51. Nxe8 1-0


[Site "https://www.chess.com"]

[Event "Titled Tuesday Blitz May 30 Early 2023"]
[White "Romkachess"]
[Black "Coelho, Ramyres Santana"]
[BlackFideId "2120690"]
[WhiteElo "2545"]
[BlackElo "1888"]
[Result "1-0"]
[Round "08"]
[TimeControl "180+2"]
[Date "2023.05.30"]
[WhiteClock "0:00:08"]
[BlackClock "0:00:34"]

1. e4 c5 2. Nf3 d6 3. d4 cxd4 4. Nxd4 Nf6 5. Nc3 a6 6. h3 e6 7. g4 b5 8. Bg2 Bb7 9. g5 Nfd7 10. h4 Qc7 11. Be3 Nc6 12. Qd2 Rc8 13. Nce2 Nde5 14. b3 Be7 15. f3 O-O 16. O-O Nxd4 17. Nxd4 d5 18. exd5 Bxd5 19. h5 Bc5 20. c3 Nc6 21. Rac1 Qe7 22. f4 Bxg2 23. Qxg2 Nxd4 24. cxd4 Bd6 25. Qe4 Qd7 26. Kg2 Rxc1 27. Rxc1 Rc8 28. Rxc8+ Qxc8 29. h6 Bf8 30. hxg7 Bxg7 31. Kf3 a5 32. d5 exd5 33. Qxd5 Qh3+ 34. Ke2 Qh2+ 35. Kd3 Bf8 36. Qxb5 Qxa2 37. Qc4 Qb1+ 38. Ke2 Qb2+ 39. Kf3 Qh2 40. Qb5 Qh1+ 41. Ke2 Qg2+ 42. Bf2 Qe4+ 43. Be3 Qc2+ 44. Kf3 Qd1+ 45. Kg2 Qd8 46. Kf3 Bb4 47. Qc4 Qa8+ 48. Qe4 Qd8 49. Qd4 Qa8+ 50. Ke2 Qf8 51. Kd3 Qg7 52. Qxg7+ Kxg7 53. Bd4+ Kg6 54. Ke4 Be7 55. Be3 f5+ 56. gxf6 Kxf6 57. Bd4+ Ke6 58. f5+ Kf7 59. Bc3 Bd8 60. Kd5 h5 61. Ke4 h4 62. Kf3 Ke8 63. Kg4 Kd7 64. Be1 h3 65. Kxh3 Kd6 66. Kg4 Ke5 67. Bc3+ Kd6 68. Kh5 Ke7 69. Kg6 Kf8 70. f6 Kg8 71. f7+ Kf8 72. Bg7+ Ke7 73. f8=Q+ Kd7 74. Qf5+ Ke8 75. Bc3 a4 76. Qf7# 1-0


[Site "https://www.chess.com"]

[Event "Titled Tuesday Blitz May 30 Early 2023"]
[White "Manukian, Artak"]
[Black "vlajkovicS"]
[WhiteFideId "13301373"]
[WhiteElo "2130"]
[BlackElo "2620"]
[Result "0-1"]
[Round "08"]
[TimeControl "180+2"]
[Date "2023.05.30"]
[WhiteClock "0:00:00"]
[BlackClock "0:00:50"]

1. e4 e6 2. d4 a6 3. c4 c5 4. d5 exd5 5. exd5 d6 6. Bd3 Nf6 7. Nc3 Be7 8. Nge2 Nbd7 9. Bf4 Nh5 10. Bg3 Nxg3 11. hxg3 Ne5 12. Nf4 h6 13. Nh5 g6 14. Nf4 Bd7 15. Kf1 Qb6 16. Rb1 O-O-O 17. a3 g5 18. Nfe2 f5 19. b4 Rdf8 20. Qc2 f4 21. gxf4 gxf4 22. Ne4 f3 23. bxc5 fxe2+ 24. Bxe2 Qc7 25. cxd6 Bxd6 26. c5 Nf7 27. Bd3 Be5 28. c6 bxc6 29. Bxa6+ Kd8 30. Rb7 Qa5 31. Rxd7+ Kxd7 32. Qxc6+ Kd8 33. Nc5 Qxa6+ 0-1


[Site "https://www.chess.com"]

[Event "Titled Tuesday Blitz May 30 Early 2023"]
[White "Zenin, Dmitry"]
[Black "ArrestingPieces"]
[WhiteFideId "4127897"]
[WhiteElo "2215"]
[BlackElo "2518"]
[Result "0-1"]
[Round "08"]
[TimeControl "180+2"]
[Date "2023.05.30"]
[WhiteClock "0:00:05"]
[BlackClock "0:00:15"]

1. d4 d5 2. c4 e6 3. Nc3 Be7 4. cxd5 exd5 5. Bf4 Nf6 6. Qc2 O-O 7. e3 c5 8. Nf3 Nc6 9. dxc5 Bxc5 10. Rd1 d4 11. Be2 Qb6 12. exd4 Nxd4 13. Nxd4 Bxd4 14. O-O Qc5 15. Qd2 Bxc3 16. Qxc3 Qxc3 17. bxc3 Be6 18. Bf3 Rac8 19. Be5 b6 20. a4 Bb3 21. Ra1 Nd5 22. Rfc1 f6 23. Bd4 Rc7 24. a5 b5 25. a6 Rfc8 26. h4 Nxc3 27. Kh2 Na4 28. Rxc7 Rxc7 29. Bb7 Nc5 30. Rc1 Bc4 31. Bf3 Nb3 32. Rd1 Nxd4 33. Rxd4 Kf8 34. Rd8+ Ke7 35. Rb8 Kd6 36. Kg3 Kc5 37. Rb7 Kd6 38. Kf4 Rxb7 39. axb7 Kc7 40. Ke3 a5 0-1


[Site "https://www.chess.com"]

[Event "Titled Tuesday Blitz May 30 Early 2023"]
[White "Matveeva, Olga"]
[Black "robertoalejandro10"]
[WhiteFideId "24107018"]
[WhiteElo "2009"]
[BlackElo "2511"]
[Result "0-1"]
[Round "08"]
[TimeControl "180+2"]
[Date "2023.05.30"]
[WhiteClock "0:00:51"]
[BlackClock "0:00:45"]

1. d4 Nf6 2. c4 c5 3. d5 e6 4. Nc3 exd5 5. cxd5 d6 6. e4 g6 7. h3 Bg7 8. Nf3 O-O 9. Bd3 b5 10. Nxb5 Re8 11. O-O Nxe4 12. Bxe4 Rxe4 13. Bg5 Qb6 14. a4 Ba6 15. Re1 Rxe1+ 16. Qxe1 Bxb5 17. axb5 Qxb5 18. Qe7 Qd7 19. Re1 Qxe7 20. Rxe7 Na6 21. Rd7 Bxb2 22. Rxd6 Nb4 23. Bh6 a5 24. Ng5 a4 25. Rd7 a3 26. Nxf7 a2 0-1


[Site "https://www.chess.com"]

[Event "Titled Tuesday Blitz May 30 Early 2023"]
[White "Omariev, Maksim"]
[Black "Llanos, Guillermo"]
[WhiteFideId "4193423"]
[BlackFideId "100358"]
[WhiteElo "2464"]
[BlackElo "2225"]
[Result "1-0"]
[Round "08"]
[TimeControl "180+2"]
[Date "2023.05.30"]
[WhiteClock "0:00:09"]
[BlackClock "0:00:59"]

1. e4 Nf6 2. e5 Nd5 3. d4 d6 4. Nf3 g6 5. Be2 Bg7 6. exd6 cxd6 7. c4 Nb6 8. O-O O-O 9. Nc3 Bg4 10. h3 Bxf3 11. Bxf3 Nc6 12. Bxc6 bxc6 13. Qd3 d5 14. c5 Nd7 15. f4 e6 16. b4 a5 17. b5 cxb5 18. Nxb5 a4 19. Rb1 Qa5 20. Bd2 Qa6 21. Qe3 Rfc8 22. Rb4 Nb8 23. Nd6 Rc7 24. Rb6 Nc6 25. Rxa6 Rxa6 26. Bc3 a3 27. Rb1 h5 28. Qd3 Ra4 29. Qb5 Bxd4+ 30. Kh2 Ra8 31. Bxd4 Nxd4 32. Qb4 Nc6 33. Qb6 Raa7 34. Nb5 Rab7 35. Qxc7 Rxc7 36. Nxc7 Kf8 37. Rb6 Nd4 38. Nb5 Nf5 39. c6 Ke7 40. c7 Kd7 41. Rb8 Nd6 42. Rd8+ Kc6 43. Rxd6+ Kxb5 44. c8=Q Kb4 45. Rb6+ Ka5 46. Qa6# 1-0


[Site "https://www.chess.com"]

[Event "Titled Tuesday Blitz May 30 Early 2023"]
[White "Bashirli, Saadat"]
[Black "Erzhanov, Arman"]
[WhiteFideId "13429990"]
[BlackFideId "4138821"]
[WhiteElo "1408"]
[BlackElo "2138"]
[Result "1/2-1/2"]
[Round "08"]
[TimeControl "180+2"]
[Date "2023.05.30"]
[WhiteClock "0:01:31"]
[BlackClock "0:01:40"]

1. e4 d6 2. d4 Nf6 3. Nc3 c6 4. Be2 e5 5. dxe5 dxe5 6. Qxd8+ Kxd8 7. Be3 Be6 8. O-O-O+ Nbd7 9. Nf3 Ng4 10. Ng5 Nxe3 11. fxe3 Ke7 12. Nxe6 fxe6 13. Rhf1 Nf6 14. g4 h6 15. h4 g5 16. h5 Bg7 17. Rd2 Rhd8 18. Rxd8 Rxd8 19. Rd1 Rb8 20. b4 b5 21. Kb2 Bf8 22. a3 Ke8 23. Kb3 Be7 24. Bf3 Rd8 25. Rxd8+ Bxd8 26. a4 a6 27. a5 Be7 28. Ne2 c5 29. c3 Kd7 30. Nc1 Kc6 31. Ka3 Nd7 32. Nd3 Bd6 33. Nf2 Kc7 34. Nd3 Kc6 35. Nf2 Nb8 36. Nd3 Nd7 1/2-1/2


[Site "https://www.chess.com"]

[Event "Titled Tuesday Blitz May 30 Early 2023"]
[White "Blokhin, Sofia"]
[Black "Ryan, Joseph"]
[WhiteFideId "4508190"]
[BlackFideId "2500426"]
[WhiteElo "1994"]
[BlackElo "2428"]
[Result "1/2-1/2"]
[Round "08"]
[TimeControl "180+2"]
[Date "2023.05.30"]
[WhiteClock "0:00:06"]
[BlackClock "0:00:10"]

1. e4 c6 2. Nf3 d5 3. Nc3 dxe4 4. Nxe4 Nf6 5. Nxf6+ exf6 6. d4 Bd6 7. Bd3 Qe7+ 8. Be3 O-O 9. O-O Bg4 10. h3 Bh5 11. c4 Nd7 12. Re1 Qd8 13. Bf5 Bg6 14. Bxg6 hxg6 15. Rc1 f5 16. Bg5 Qc7 17. Qd2 Rfe8 18. c5 Bf8 19. Bf4 Qd8 20. Rxe8 Qxe8 21. Re1 Qd8 22. Qe2 Nf6 23. Bg5 Qd7 24. Bxf6 gxf6 25. Qe3 Rd8 26. h4 Kh7 27. h5 Bh6 28. Qd3 Re8 29. Qd1 Re4 30. hxg6+ fxg6 31. Re2 Qe6 32. Kf1 Qxa2 33. Rxe4 fxe4 34. Nd2 Bxd2 35. Qxd2 Qb1+ 36. Ke2 Kg7 37. Qb4 Qd3+ 38. Ke1 Qa6 39. f3 exf3 40. gxf3 g5 41. Qc3 Qa1+ 42. Kf2 Qd1 43. Qb4 Kg6 44. Qxb7 Qxd4+ 45. Kg2 Qxc5 46. Qc8 Qd5 47. Qe8+ Kf5 48. Qc8+ Ke5 49. Qg4 Kd6 50. Qc8 Kc5 51. Qf8+ Kc4 52. Qa8 a5 53. Qa6+ Kb3 54. Qe2 a4 55. Qe3+ Kxb2 56. Qe2+ Kb3 57. Qe3+ Kb4 58. Qb6+ Kc3 59. Qe3+ Qd3 60. Qc5+ Qc4 61. Qe3+ Kb4 62. Qb6+ Qb5 63. Qd4+ Kb3 64. Qe3+ Kb2 65. Qd2+ Ka3 66. Qc3+ Qb3 67. Qc5+ Kb2 68. Qd4+ Qc3 69. Qb6+ Kc2 70. Kg3 a3 71. Qf2+ Qd2 72. Qc5+ Qc3 73. Qf2+ Kb3 74. Qb6+ Ka4 75. Qa6+ Qa5 76. Qc4+ Qb4 77. Qa6+ Kb3 78. Qd3+ Kb2 79. Qe2+ Ka1 80. Qd1+ Qb1 81. Qd4+ Qb2 82. Qd1+ Ka2 83. Qd6 c5 84. Qd5+ Qb3 85. Qd2+ Qb2 86. Qd5+ Qb3 87. Qd2+ Kb1 88. Qe1+ Kc2 89. Qe2+ Kc3 90. Qe3+ Kb4 91. Qe4+ c4 92. Qb7+ Kc3 93. Qf7 a2 94. Qxf6+ Kb4 95. Qb6+ Kc3 96. Qe3+ Kc2 97. Qe2+ Kb1 98. Qe1+ Kb2 99. Qd2+ Ka3 100. Qa5+ Kb2 101. Qd2+ Ka3 102. Qa5+ Qa4 103. Qc3+ Qb3 104. Qa5+ 1/2-1/2


[Site "https://www.chess.com"]

[Event "Titled Tuesday Blitz May 30 Early 2023"]
[White "Acikel, Mert"]
[Black "Alexikov, Alexander"]
[WhiteFideId "12956465"]
[BlackFideId "14103958"]
[WhiteElo "2097"]
[BlackElo "2186"]
[Result "0-1"]
[Round "08"]
[TimeControl "180+2"]
[Date "2023.05.30"]
[WhiteClock "0:00:02"]
[BlackClock "0:00:09"]

1. e4 c5 2. Nf3 d6 3. Bb5+ Nd7 4. Ba4 a6 5. c4 Nf6 6. O-O e6 7. Re1 Be7 8. d4 cxd4 9. Nxd4 O-O 10. Bc2 Qc7 11. b3 b6 12. Bb2 Bb7 13. Nc3 Rac8 14. Rc1 Qb8 15. Bb1 Bd8 16. Qd2 Bc7 17. h3 Qa8 18. Nf3 Rcd8 19. Qe2 Nc5 20. Rcd1 Rfe8 21. Qc2 Ncd7 22. Ba3 Nc5 23. b4 Ncd7 24. Bb2 Ne5 25. Nd2 Rc8 26. Qb3 Ng6 27. Ne2 Nd7 28. Qc3 e5 29. Qb3 Ndf8 30. Nc3 Ne6 31. Nd5 Bxd5 32. cxd5 Nef8 33. Rc1 b5 34. Rc6 Ne7 35. Rc2 Bb6 36. Rec1 Rxc2 37. Rxc2 Rc8 38. Nf1 Nfg6 39. Rxc8+ Qxc8 40. Qc2 Qd7 41. Bc1 h6 42. Be3 Bxe3 43. Nxe3 Qc8 44. Qxc8+ Nxc8 45. Nf5 Nge7 46. Bd3 Nxf5 47. exf5 Nb6 48. Be4 Kf8 49. Kf1 Ke7 50. Ke2 Kf6 51. g4 h5 52. f3 Kg5 53. gxh5 Kxh5 54. Kf2 Kh4 55. Kg2 Na4 56. Bd3 Nc3 57. a3 Nxd5 58. Be4 Nc7 59. Bc6 Kg5 60. Bd7 Kf4 61. Bc8 f6 62. h4 d5 63. Kf2 e4 64. fxe4 dxe4 65. Ke2 Ke5 66. Kf2 Kd4 67. Ke2 Kc3 0-1


[Site "https://www.chess.com"]

[Event "Titled Tuesday Blitz May 30 Early 2023"]
[White "Cramling Bellon, Anna"]
[Black "Gatterer, Florian"]
[WhiteFideId "32009232"]
[BlackFideId "811688"]
[WhiteElo "1976"]
[BlackElo "2221"]
[Result "0-1"]
[Round "08"]
[TimeControl "180+2"]
[Date "2023.05.30"]
[WhiteClock "0:00:00"]
[BlackClock "0:01:09"]

1. d4 g6 2. c4 Bg7 3. Nc3 Nf6 4. e4 d6 5. h3 O-O 6. Nf3 e5 7. d5 Nbd7 8. Bg5 h6 9. Be3 Nc5 10. Qc2 a5 11. g4 c6 12. O-O-O cxd5 13. cxd5 b6 14. Nd2 Ba6 15. Bxa6 Rxa6 16. g5 hxg5 17. Bxg5 Qd7 18. h4 Nh5 19. Nb3 a4 20. Nxc5 bxc5 21. Qe2 Rb6 22. Rd2 Rfb8 23. Qc4 Rb4 24. Qa6 R8b6 25. Qa8+ Kh7 26. Qd8 Qb7 27. Qe7 Nf4 28. Qxb7 Rxb7 29. h5 gxh5 30. Bxf4 exf4 31. Rxh5+ Kg6 32. Rh3 Be5 33. Nd1 a3 34. f3 axb2+ 35. Kb1 Rc4 36. Rg2+ Kf6 37. Rh6+ Ke7 38. Rc2 Rd4 0-1


[Site "https://www.chess.com"]

[Event "Titled Tuesday Blitz May 30 Early 2023"]
[White "Camilla_Lee"]
[Black "Sarkar, Justin"]
[BlackFideId "2010011"]
[WhiteElo "2642"]
[BlackElo "2168"]
[Result "1-0"]
[Round "08"]
[TimeControl "180+2"]
[Date "2023.05.30"]
[WhiteClock "0:01:17"]
[BlackClock "0:00:00"]

1. e4 e5 2. Nf3 Nc6 3. Nc3 Nf6 4. d4 exd4 5. Nd5 d6 6. Nxd4 Nxe4 7. Nb5 Be6 8. Ndxc7+ Kd7 9. Nxa8 Qxa8 10. Be3 Be7 11. Bd3 Nf6 12. h3 Rd8 13. O-O a6 14. Nd4 Nxd4 15. Bxd4 Ke8 16. Qe2 Kf8 17. Rae1 Re8 18. f4 b5 19. f5 Bd5 20. Qf2 Qc6 21. Re2 Be4 22. Rfe1 d5 23. Qh4 h6 24. Qf4 1-0


[Site "https://www.chess.com"]

[Event "Titled Tuesday Blitz May 30 Early 2023"]
[White "Guz, Ari"]
[Black "Martinez, Shawn"]
[WhiteFideId "2825759"]
[BlackFideId "2039770"]
[WhiteElo "2205"]
[BlackElo "2174"]
[Result "1-0"]
[Round "08"]
[TimeControl "180+2"]
[Date "2023.05.30"]
[WhiteClock "0:00:10"]
[BlackClock "0:00:00"]

1. a4 c5 2. a5 d5 3. e3 a6 4. d4 Nc6 5. dxc5 e5 6. Bd2 Bxc5 7. Nf3 Nf6 8. Be2 e4 9. Ng5 h6 10. Nh3 Bxh3 11. gxh3 d4 12. Na3 dxe3 13. Bxe3 Bxe3 14. fxe3 Qe7 15. Qd2 Rd8 16. Qc3 O-O 17. O-O Rd5 18. Rf4 Rg5+ 19. Kh1 Ne5 20. Nc4 Ng6 21. Rf2 Qe6 22. Bf1 Nh4 23. Rd1 Nf3 24. Bg2 Rc8 25. b3 Rcc5 26. Rd8+ Kh7 27. Bxf3 exf3 28. Qd3+ g6 29. Rxf3 Rcf5 30. Rxf5 Rxf5 31. Rd6 Qe7 32. Qd4 Ne4 33. Rd8 Nf2+ 34. Kg2 Qg5+ 35. Kf1 Nxh3+ 36. Ke2 Qg2+ 37. Kd3 Nf2+ 38. Kc3 Ne4+ 39. Kb2 Nf6 40. Nd6 Rf2 41. Nxf7 Rxc2+ 42. Ka3 Ra2+ 43. Kb4 Qc6 44. Qc5 Qxc5+ 45. Kxc5 Ne4+ 46. Kb6 Rb2 47. Rd3 Kg7 48. Ne5 Nd2 49. Kxb7 Nxb3 50. Rd7+ Kf6 51. Nd3 Nc5+ 52. Kc6 1-0


[Site "https://www.chess.com"]

[Event "Titled Tuesday Blitz May 30 Early 2023"]
[White "Parpiev, Isaak"]
[Black "Dubreuil, Julien"]
[WhiteFideId "34281576"]
[BlackFideId "621285"]
[WhiteElo "2115"]
[BlackElo "2321"]
[Result "1-0"]
[Round "08"]
[TimeControl "180+2"]
[Date "2023.05.30"]
[WhiteClock "0:02:02"]
[BlackClock "0:00:09"]

1. d4 d5 2. c4 e6 3. Nc3 Nf6 4. cxd5 Nxd5 5. e4 Nxc3 6. bxc3 c5 7. a3 Be7 8. Nf3 O-O 9. Bd3 b6 10. h4 Bb7 11. Be3 cxd4 12. cxd4 Nc6 13. e5 Na5 14. Bxh7+ Kxh7 15. Ng5+ Kg8 16. Qh5 Be4 17. Nxe4 f6 18. exf6 Rxf6 19. Nxf6+ Bxf6 20. Qg4 Qd5 21. h5 Nb3 22. Rd1 Rc8 23. O-O Rc7 24. h6 Rf7 25. Qg6 Qf5 26. h7+ Kh8 27. Qxf7 1-0


[Site "https://www.chess.com"]

[Event "Titled Tuesday Blitz May 30 Early 2023"]
[White "Ziatdinov, Raset"]
[Black "Jegorovas, Aleksandras"]
[WhiteFideId "2015323"]
[BlackFideId "12801950"]
[WhiteElo "2220"]
[BlackElo "2247"]
[Result "1/2-1/2"]
[Round "08"]
[TimeControl "180+2"]
[Date "2023.05.30"]
[WhiteClock "0:01:06"]
[BlackClock "0:00:50"]

1. e4 e6 2. d4 d5 3. Nc3 Bb4 4. exd5 exd5 5. Bd3 Nc6 6. Ne2 Nge7 7. O-O O-O 8. a3 Bxc3 9. bxc3 Bf5 10. Ng3 Bg6 11. Qf3 Qd7 12. Bd2 Rae8 13. Rfe1 Nc8 14. h3 Nb6 15. Nf5 Nc4 16. Bg5 f6 17. Bh4 Nd2 18. Qf4 Ne4 19. Bxe4 Rxe4 20. Rxe4 dxe4 21. g4 Bxf5 22. gxf5 Ne7 23. Qxe4 Nxf5 24. Re1 c6 25. Kg2 Kf7 26. Bg3 Re8 27. Qxe8+ Qxe8 28. Rxe8 Kxe8 29. Kf3 Kd7 30. Ke4 Ke6 31. c4 Ne7 32. Bb8 a6 33. a4 f5+ 34. Ke3 b5 35. axb5 axb5 36. d5+ cxd5 37. cxb5 g5 38. Kd4 h5 39. c4 dxc4 40. Kxc4 g4 41. hxg4 fxg4 42. Kc5 h4 43. b6 Kd7 44. Bh2 Kc8 45. Kd6 Nf5+ 46. Ke5 g3 47. fxg3 hxg3 48. Bg1 Nh4 49. Kf4 Ng6+ 50. Kxg3 Kb7 51. Kf3 Ne7 52. Ke4 Nc8 53. Kd5 Nxb6+ 1/2-1/2


[Site "https://www.chess.com"]

[Event "Titled Tuesday Blitz May 30 Early 2023"]
[White "LangesNasenhaar"]
[Black "Ardila, Oscar Humberto"]
[BlackFideId "4404742"]
[WhiteElo "2475"]
[BlackElo "1918"]
[Result "1-0"]
[Round "08"]
[TimeControl "180+2"]
[Date "2023.05.30"]
[WhiteClock "0:00:34"]
[BlackClock "0:00:37"]

1. d4 Nf6 2. Nc3 d5 3. Bf4 e6 4. Nb5 Na6 5. e3 Bd7 6. a4 Be7 7. Nf3 O-O 8. Ne5 Be8 9. c3 c6 10. Na3 Nd7 11. Bd3 Nxe5 12. Bxe5 f6 13. Bg3 Bg6 14. O-O Bxd3 15. Qxd3 Nc7 16. b4 Ne8 17. e4 Nd6 18. f3 Qd7 19. c4 dxc4 20. Nxc4 Nxc4 21. Qxc4 Rad8 22. Rfd1 Kh8 23. b5 Rc8 24. Rab1 Rfd8 25. Bf2 f5 26. bxc6 Rxc6 27. Qb3 b6 28. d5 exd5 29. Rxd5 Rd6 30. Rbd1 Rxd5 31. Rxd5 Qc8 32. Rxd8+ Qxd8 33. exf5 h6 34. g3 Qd2 35. Qe3 Qd1+ 36. Kg2 Bf6 37. g4 Qxa4 38. h4 Qd7 39. g5 hxg5 40. hxg5 Be7 41. Qf4 Bd6 42. Qh4+ Kg8 43. g6 Kf8 44. Qh8+ Ke7 45. Qxg7+ Kd8 46. Qxd7+ Kxd7 47. g7 1-0


[Site "https://www.chess.com"]

[Event "Titled Tuesday Blitz May 30 Early 2023"]
[White "Avazkhonov, Alikhon"]
[Black "Zaichenko, Daria"]
[WhiteFideId "14208504"]
[BlackFideId "4197453"]
[WhiteElo "1739"]
[BlackElo "2039"]
[Result "1-0"]
[Round "08"]
[TimeControl "180+2"]
[Date "2023.05.30"]
[WhiteClock "0:02:29"]
[BlackClock "0:00:00"]

1. d4 d5 2. c4 e6 3. Nc3 Be7 4. cxd5 exd5 5. Nf3 c6 6. Bf4 Bf5 7. e3 Nf6 8. Bd3 Bxd3 9. Qxd3 O-O 10. O-O Nbd7 11. h3 c5 12. dxc5 Nxc5 13. Qd2 Nce4 14. Qd3 Nxc3 15. Qxc3 Qb6 16. Rfd1 Rfd8 17. Nd4 Rac8 18. Qb3 Qxb3 19. Nxb3 Rc2 20. Rd2 Rxd2 21. Nxd2 Rc8 22. Be5 Bb4 23. Nf3 Ne4 24. a3 Ba5 25. b4 Bb6 26. Rd1 f6 27. Bd4 Bxd4 28. Rxd4 1-0


[Site "https://www.chess.com"]

[Event "Titled Tuesday Blitz May 30 Early 2023"]
[White "MANOJ_MISHRA123"]
[Black "Mayeregger, Arnold"]
[BlackFideId "3705226"]
[WhiteElo "2262"]
[BlackElo "2038"]
[Result "1-0"]
[Round "08"]
[TimeControl "180+2"]
[Date "2023.05.30"]
[WhiteClock "0:00:52"]
[BlackClock "0:01:46"]

1. d4 d5 2. Bf4 c5 3. e3 Nc6 4. Nc3 e6 5. Nb5 e5 6. Bxe5 Nxe5 7. dxe5 a6 8. Nc3 Be6 9. Nf3 f6 10. Be2 fxe5 11. Nxe5 Nf6 12. O-O Bd6 13. Nf3 O-O 14. Ng5 Bf5 15. Nxd5 Nxd5 16. Qxd5+ Kh8 17. Nf7+ Rxf7 18. Qxf7 Qh4 19. g3 Qh3 20. Rfd1 Be4 21. Bf3 Rf8 22. Rxd6 1-0


[Site "https://www.chess.com"]

[Event "Titled Tuesday Blitz May 30 Early 2023"]
[White "Larina, Maria"]
[Black "Herman, Daniel"]
[WhiteFideId "24113182"]
[BlackFideId "30935008"]
[WhiteElo "1848"]
[BlackElo "1897"]
[Result "1/2-1/2"]
[Round "08"]
[TimeControl "180+2"]
[Date "2023.05.30"]
[WhiteClock "0:01:19"]
[BlackClock "0:00:16"]

1. e4 e6 2. d4 d5 3. Nc3 Bb4 4. exd5 exd5 5. Bd3 Nf6 6. Ne2 Bg4 7. f3 Bh5 8. O-O O-O 9. Nf4 Bg6 10. Nxg6 hxg6 11. a3 Bd6 12. Nb5 Be7 13. Bf4 Na6 14. Re1 c6 15. Nc3 Nc7 16. Bg3 Bd6 17. Ne2 Ne6 18. Bxd6 Qxd6 19. Ng3 Nxd4 20. Bxg6 Nxf3+ 21. Qxf3 fxg6 22. Qd3 Qc5+ 23. Qe3 Qxe3+ 24. Rxe3 Rae8 25. Rae1 Rxe3 26. Rxe3 Re8 27. Rb3 b6 28. Rc3 c5 29. Rf3 Re1+ 30. Rf1 Rxf1+ 31. Kxf1 Kf7 32. Ke2 Ke6 33. h3 Ke5 34. c3 Ne4 35. Nf1 d4 36. cxd4+ cxd4 37. Kd3 b5 38. b4 g5 39. Nh2 Nd6 40. Nf3+ Kf4 41. Nxd4 Kg3 42. Ne6 Kxg2 43. Nxg5 Nc4 44. Ne6 Kxh3 45. Nxg7 Nxa3 46. Ne6 Kg4 47. Nc7 Kf5 48. Kd4 Nc2+ 49. Kc5 Ke4 50. Nxb5 Nxb4 51. Kxb4 a5+ 52. Kxa5 1/2-1/2


[Site "https://www.chess.com"]

[Event "Titled Tuesday Blitz May 30 Early 2023"]
[White "Andreev, Konstantin"]
[Black "Borodavkin, Anatoly"]
[WhiteFideId "24239305"]
[BlackFideId "14150662"]
[WhiteElo "2106"]
[BlackElo "1991"]
[Result "1-0"]
[Round "08"]
[TimeControl "180+2"]
[Date "2023.05.30"]
[WhiteClock "0:00:43"]
[BlackClock "0:00:00"]

1. e4 e5 2. Nf3 Nf6 3. d4 Nxe4 4. Bd3 d5 5. Nxe5 Bd6 6. c4 c6 7. O-O O-O 8. Qh5 Nd7 9. Nxd7 Bxd7 10. Nd2 Nf6 11. Qf3 Bg4 12. Qe3 Re8 13. Qg5 h6 14. Qh4 Bc7 15. h3 Be2 16. Bxe2 Rxe2 17. c5 b6 18. b4 a5 19. bxa5 bxc5 20. dxc5 Rxa5 21. Nb3 Raxa2 22. Rxa2 Rxa2 23. Re1 Kh7 24. Nd4 Ne4 25. Qxd8 Bxd8 26. Nxc6 Bc7 27. Be3 f5 28. Ne7 f4 29. Bd4 Rd2 30. Nxd5 Rxd4 31. Nxc7 Nxc5 32. Nb5 Rd2 33. Nc3 Nd3 34. Rf1 f3 35. gxf3 Ne5 36. Kg2 Rd3 37. Ne4 Nxf3 38. Nc5 Nh4+ 39. Kh2 Rf3 40. Ne4 Rf4 41. Ng3 Nf3+ 42. Kg2 Nh4+ 43. Kh1 Rf3 44. Kh2 Rf4 45. Nh1 Rf7 46. Kg3 Nf5+ 47. Kf4 g5+ 48. Kg4 Kg6 49. Re1 h5+ 50. Kf3 Nh4+ 51. Kg3 Nf5+ 52. Kh2 Nd4 53. Re8 Nf3+ 54. Kg3 h4+ 55. Kg2 1-0


[Site "https://www.chess.com"]

[Event "Titled Tuesday Blitz May 30 Early 2023"]
[White "Lonoff, Marc"]
[Black "Jakic, Ivan"]
[WhiteFideId "2001349"]
[BlackFideId "14504901"]
[WhiteElo "2134"]
[BlackElo "2370"]
[Result "0-1"]
[Round "08"]
[TimeControl "180+2"]
[Date "2023.05.30"]
[WhiteClock "0:02:04"]
[BlackClock "0:02:25"]

1. c4 Nf6 2. Nc3 Nc6 3. g3 e5 4. Bg2 g6 5. e4 Bg7 6. Nge2 O-O 7. O-O d6 8. d3 Be6 9. h3 Qd7 10. Kh2 h6 11. Nd5 Nh7 12. f4 f5 13. Be3 Rae8 14. Qd2 Nd4 15. Nxd4 exd4 16. Bg1 c6 17. Nb4 fxe4 18. dxe4 Bxc4 19. Bxd4 Bxf1 20. Bxg7 Bxg2 21. Bxf8 Qxh3+ 22. Kg1 Bxe4 0-1


[Site "https://www.chess.com"]

[Event "Titled Tuesday Blitz May 30 Early 2023"]
[White "Fiedorek, Michal"]
[Black "Antonova, Nadezhda"]
[WhiteFideId "1199528"]
[BlackFideId "14700182"]
[WhiteElo "2135"]
[BlackElo "1799"]
[Result "1-0"]
[Round "08"]
[TimeControl "180+2"]
[Date "2023.05.30"]
[WhiteClock "0:00:05"]
[BlackClock "0:00:00"]

1. e4 c5 2. Nf3 d6 3. d4 cxd4 4. Nxd4 Nf6 5. Nc3 a6 6. Nb3 e6 7. Be3 Be7 8. f3 O-O 9. g4 Nc6 10. g5 Nd7 11. h4 b5 12. a3 Bb7 13. f4 b4 14. axb4 Nxb4 15. Qd2 d5 16. Bg2 Nb6 17. O-O-O Nc4 18. Qf2 Nxe3 19. Qxe3 Rc8 20. h5 Rc4 21. h6 g6 22. exd5 exd5 23. Qe5 f6 24. Qe6+ Kh8 25. Rhe1 Rc7 26. Nd4 Bc8 27. Qe2 fxg5 28. fxg5 Bxg5+ 29. Kb1 Bxh6 30. Ne6 Bxe6 31. Qxe6 Bg7 32. Nxd5 Nxd5 33. Bxd5 Qb8 34. Bb3 a5 35. Re4 Rb7 36. Rh1 Rxb3 37. cxb3 Qg3 38. Reh4 Qd3+ 39. Ka2 h6 40. Qe7 Qc2 41. Rxh6+ Kg8 42. Qe6+ Rf7 43. Rh8+ Bxh8 44. Qe8+ Rf8 45. Rxh8+ Kxh8 46. Qxf8+ Kh7 47. Qe7+ Kh6 48. Qe3+ Kg7 49. Qa7+ Kh6 50. Qxa5 g5 51. Qb6+ Kh5 52. Qd6 g4 53. Qh2+ Kg5 54. Qxc2 1-0


[Site "https://www.chess.com"]

[Event "Titled Tuesday Blitz May 30 Early 2023"]
[White "Horokoskii"]
[Black "KorolDimitriy75"]
[WhiteElo "2126"]
[BlackElo "2406"]
[Result "0-1"]
[Round "08"]
[TimeControl "180+2"]
[Date "2023.05.30"]
[WhiteClock "0:01:04"]
[BlackClock "0:00:33"]

1. d4 Nf6 2. c4 c5 3. d5 b5 4. cxb5 a6 5. bxa6 g6 6. Nc3 Bxa6 7. e4 Bxf1 8. Kxf1 d6 9. Nf3 Bg7 10. g3 O-O 11. Kg2 Nbd7 12. a4 Qb8 13. Qe2 Qb4 14. Bd2 Nb6 15. Rhe1 Nc4 16. Nb5 Nxd2 17. Qxd2 Qxd2 18. Nxd2 Rfb8 19. Nc4 Nd7 20. Ra2 Rxb5 21. axb5 Rxa2 22. b6 Ra8 23. Rb1 Rb8 24. b4 cxb4 25. Rxb4 Bd4 26. b7 Nc5 27. Na5 Bc3 28. Rb5 Bxa5 29. Rxa5 Rxb7 0-1


[Site "https://www.chess.com"]

[Event "Titled Tuesday Blitz May 30 Early 2023"]
[White "Toktomushev, Teimur"]
[Black "Blackwhite017"]
[WhiteFideId "14176726"]
[WhiteElo "2116"]
[BlackElo "2115"]
[Result "1-0"]
[Round "08"]
[TimeControl "180+2"]
[Date "2023.05.30"]
[WhiteClock "0:00:03"]
[BlackClock "0:00:52"]

1. d4 d5 2. c4 c6 3. Nc3 Nf6 4. e3 g6 5. Nf3 Bg7 6. Be2 O-O 7. O-O Bg4 8. cxd5 Nxd5 9. h3 Nxc3 10. bxc3 Bf5 11. Re1 Nd7 12. Nh4 Be6 13. e4 Nb6 14. Nf3 Nc4 15. Ng5 Qd7 16. Nxe6 Qxe6 17. d5 cxd5 18. exd5 Qa6 19. Qb3 b5 20. a4 Nd6 21. Bg5 Rfc8 22. axb5 Qb6 23. Rac1 Ne4 24. Be3 Qb7 25. c4 Nc5 26. Qb4 a6 27. Bxc5 axb5 28. cxb5 Qxd5 29. Bxe7 Re8 30. Bc5 Bc3 31. Qxc3 Rad8 32. Bf3 Qg5 33. Rxe8+ Rxe8 34. b6 Rc8 35. b7 Rb8 36. Bd6 Re8 37. b8=Q Qf5 38. Qxe8# 1-0


[Site "https://www.chess.com"]